 Dungeon Crawl Stone Soup version 0.23-a0-303-gfcac5dec12 (webtiles) character file.

43948 Ablot the Thaumaturge (level 14, 0/110 HPs)
             Began as a Gnoll Skald on Oct 8, 2018.
             Was the Champion of Okawaru.
             Slain by a harpy (4 damage)
             ... summoned by Kirke
             ... on level 15 of the Dungeon.
             The game lasted 00:58:24 (15024 turns).

Ablot the Thaumaturge (Gnoll Skald)                Turns: 15024, Time: 00:58:25

Health: 0/110      AC:  0    Str: 15    XL:     14   Next: 26%
Magic:  28/28      EV: 23    Int: 16    God:    Okawaru [******]
Gold:   885        SH:  0    Dex: 18    Spells: 18/33 levels left

rFire    . . .     SeeInvis .     - Unarmed
rCold    . . .     Gourm    .   (shield currently unavailable)
rNeg     . . .     Faith    .   (armour currently unavailable)
rPois    .         Spirit   .   (helmet currently unavailable)
rElec    .         Reflect  .   (cloak currently unavailable)
rCorr    .         Harm     .   (gloves currently unavailable)
MR       +....                  (boots currently unavailable)
Stlth    ++++......             O - amulet of regeneration
HPRegen  0.68/turn              (ring currently unavailable)
MPRegen  0.21/turn              (ring currently unavailable)

@: pig-form, hasted and slowed, very quick
A: small, distributed training, strong nose
a: Heroism, Finesse, Renounce Religion


You were on level 15 of the Dungeon.
You worshipped Okawaru.
Okawaru was exalted by your worship.
You were not hungry.
You were a filthy swine.
You visited 2 branches of the dungeon, and saw 16 of its levels.
You also visited: Ice Cave.

You collected 885 gold pieces.

Inventory:

Hand Weapons
 a - a +2 trident of flaming
 d - a +5 quick blade (melded)
 q - the +8 hunting sling of Zin's Indignation {freeze, Dex+3}
   (You found it on level 5 of the Dungeon)

   It causes projectiles fired from it to freeze those they strike, causing
   extra injury to most foes and up to half again as much damage against
   particularly susceptible opponents.
   They can also slow down cold-blooded creatures.
   It affects your dexterity (+3).
 s - a +3 long sword of holy wrath
 w - a +0 blowgun
Missiles
 g - 251 stones
 h - 333 arrows
 z - 2 sling bullets
 B - 84 bolts
 M - 10 steel javelins (quivered)
 U - 5 needles of confusion
 X - 5 curare-tipped needles
 Y - 3 throwing nets
Armour
 n - a +2 pair of gloves of archery (melded)
 u - a cursed +0 helmet (melded)
 D - a +2 pair of boots (melded)
 J - a +0 buckler (melded)
 R - a +2 cloak of cold resistance (melded)
 W - +0 fire dragon scales (melded)
Jewellery
 l - a ring of poison resistance (melded)
 I - an uncursed ring of resist corrosion {unknown}
 O - an amulet of regeneration (around neck)
 P - an uncursed ring of ice
 Z - a ring of protection from magic (melded)
Wands
 i - a wand of polymorph (27)
 y - a wand of enslavement (16)
 F - a wand of clouds (3)
 K - a wand of flame (29)
 L - a wand of iceblast (29)
Scrolls
 b - 2 scrolls of enchant weapon {unknown}
 c - 2 scrolls of enchant armour
 e - 5 scrolls of remove curse
 f - 5 scrolls of teleportation
 j - 2 scrolls of fear {unknown}
 t - 4 scrolls of magic mapping {unknown}
 C - 2 scrolls of amnesia {unknown}
 H - 2 scrolls of acquirement {unknown}
 Q - 2 scrolls of fog {unknown}
Potions
 k - 3 potions of agility
 m - a potion of haste
 o - 2 potions of might {unknown}
 p - 6 potions of curing
 r - 3 potions of magic
 v - 2 potions of brilliance
 x - 2 potions of mutation
 A - a potion of cancellation {unknown}
 E - 2 potions of invisibility {unknown}
 N - a potion of ambrosia {unknown}
Miscellaneous
 T - a fan of gales
 V - a lamp of fire (inert)
Comestibles
 G - 4 chunks of flesh
 S - 28 rations


   Skills:
 + Level 10.0 Fighting
 + Level 8.9 Short Blades
 + Level 8.9 Long Blades
 + Level 8.9 Axes
 + Level 8.9 Maces & Flails
 + Level 10.0 Polearms
 + Level 8.9 Staves
 + Level 8.9 Slings
 + Level 8.9 Bows
 + Level 8.9 Crossbows
 + Level 8.9 Throwing
 + Level 9.3 Armour
 + Level 10.0 Dodging
 + Level 8.9 Stealth
 + Level 8.9 Shields
 + Level 8.9 Unarmed Combat
 + Level 10.2 Spellcasting
 + Level 7.4 Conjurations
 + Level 7.4 Hexes
 + Level 9.3 Charms
 + Level 7.4 Summonings
 + Level 7.4 Necromancy
 + Level 7.4 Translocations
 + Level 7.4 Transmutations
 + Level 7.4 Fire Magic
 + Level 7.4 Ice Magic
 + Level 7.4 Air Magic
 + Level 7.4 Earth Magic
 + Level 7.4 Poison Magic
 + Level 9.7 Invocations
 + Level 8.9 Evocations


You had 18 spell levels left.
You knew the following spells:

 Your Spells              Type           Power        Failure   Level  Hunger
a - Infusion              Chrm           ####         1%          1    None
b - Song of Slaying       Chrm           #####...     1%          2    None
c - Shroud of Golubria    Chrm/Tloc      #####.....   1%          2    None
d - Regeneration          Chrm/Necr      #####.....   1%          3    None
e - Spectral Weapon       Hex/Chrm       #####...     1%          3    None
f - Throw Icicle          Conj/Ice       ####....     4%          4    ###....

Your spell library contained the following spells:

 Spells                   Type           Power        Failure   Level  Hunger
 Freeze                   Ice            ####         1%          1    None
 Throw Frost              Conj/Ice       ####..       1%          2    None
 Ozocubu's Armour         Chrm/Ice       #####...     1%          3    None
 Summon Ice Beast         Ice/Summ       ####....     4%          4    ###....


Dungeon Overview and Level Annotations

Branches:
Dungeon (15/15)            Temple (1/1) D:5            Lair (0/6) D:9
    Orc (0/2) D:10         Vaults (0/5) D:14         Depths (0/5) D:15

Altars:
Ashenzari
Cheibriados
Dithmenos
Elyvilon
Fedhas
Gozag
Hepliaklqana
Kikubaaqudgha
Makhleb
Nemelex Xobeh
Okawaru
Qazlal
Ru
Sif Muna
Trog
Uskayaw
Vehumet
Wu Jian
Xom
Yredelemnul
Zin
The Shining One

Annotations:
D:2 trapped elementals, weapons
D:6 2 transporters, derval's ghost, novice MfIE
D:10 3 runed doors, feta's ghost, journeyman GnGl
D:12 Azrael; Rupert
D:14 Frances
D:15 Kirke


Innate Abilities, Weirdness & Mutations

Your experience applies equally to all skills.
((You have very sharp teeth.))
Your uncanny sense of smell can sniff out nearby items.


Message History

You hear some strange, mumbled words.
Something summons a lindwurm!
You feel yourself speed up. Something hits you!! x2
* * * LOW HITPOINT WARNING * * *
Unknown command.
You hear some strange, mumbled words.
Something summons some harpies!
The harpy completely misses you. The harpy misses you. x2
The harpy claws you.
* * * LOW HITPOINT WARNING * * *
The harpy barely misses you. x2; The harpy closely misses you.
The harpy barely misses you.
There is a stone staircase leading up here.
You see here 4 stones.
The harpy claws you!
* * * LOW HITPOINT WARNING * * *
The harpy completely misses you. The harpy misses you. The harpy claws you.
* * * LOW HITPOINT WARNING * * *
The harpy misses you. The harpy claws you.
You die...

≈≈≈...#.##.#.##..##.##.#######.##
≈≈≈...#..........................
≈≈≈...#.#..#.##..##.##.####.##.##
.........................##.##.##
≈≈≈.....#..#(##..##..............
≈≈≈.........................##.#.
≈≈≈...#....(....(................
≈≈≈...#.#......H.......#..#.##.#.
≈≈≈.......((..kHh.....##..#..#.#.
...............H.................
..[).............................
##..#............................
............#...#.#...###...#..##
.............................#.##
.#..........#....................
.#..#.#...............####.#.....
......)...#.....#.....####.##...#


You could see a lindwurm and 3 harpies.

Vanquished Creatures
  2 ettins
  A fire dragon (D:14)
  A hydra (D:11)
  3 centaur warriors
  8 two-headed ogres
  2 ogre magi
  A hell knight (D:15)
  Sonja (D:13)
  3 unseen horrors
  A deep elf archer (D:15)
  A necromancer (IceCv)
  5 ugly things
  A deep elf mage (D:15)
  A wolf spider (D:15)
  A manticore (D:15)
  An elephant (D:9)
  An ice statue (IceCv)
  Maurice (D:10)
  A centaur zombie (D:11)
  3 centaur skeletons
  2 komodo dragons
  11 freezing wraiths
  3 trolls
  A meliai (shapeshifter) (D:11)
  A tengu conjurer (D:14)
  4 hornets
  Prince Ribbit (D:7)
  11 slime creatures
  8 hippogriffs
  A harpy skeleton (D:14)
  A shadow (D:14)
  Sigmund (D:3)
  10 yaks
  4 wraiths
  A vampire (D:13)
  5 hogs (D:15)
  A fire elemental (D:12)
  2 basilisks (D:9)
  A death yak simulacrum (IceCv)
  4 vampire mosquitoes
  Edmund (D:6)
  2 soldier ants
  Duvessa (D:4)
  4 water moccasins
  2 hell hounds (D:13)
  2 phantoms (D:7)
  4 sky beasts
  4 orc warriors
  A black bear (D:6)
  15 ice beasts
  9 ogres
  4 necrophages
  A wolf (shapeshifter) (D:13)
  7 centaurs
  A crocodile (D:14)
  4 big kobolds
  7 bullfrogs
  Blork the orc (D:4)
  Dowan (D:4)
  A water moccasin skeleton (D:6)
  6 scorpions
  20 killer bees
  12 wights
  4 howler monkeys
  An electric eel (D:15)
  A bullfrog zombie (D:10)
  2 bullfrog skeletons
  3 crimson imps
  2 draconian simulacra (IceCv)
  Crazy Yiuf (D:5)
  11 hounds
  5 jellies
  7 orc priests
  16 orc wizards
  2 iguanas
  7 worker ants
  A polar bear simulacrum (IceCv)
  2 wolf simulacra (IceCv)
  A spriggan simulacrum (IceCv)
  5 troll simulacra (IceCv)
  5 centaur simulacra (IceCv)
  A howler monkey zombie (D:8)
  3 worker ant zombies
  Robin (D:4)
  7 gnolls
  11 adders
  2 ogre simulacra (IceCv)
  5 naga simulacra (IceCv)
  3 shadow imps
  12 white imps (IceCv)
  An ooze (D:2)
  2 adder zombies
  2 worms
  4 dart slugs
  7 leopard geckos
  36 orcs
  8 bats
  6 giant cockroaches
  17 goblins
  9 hobgoblins
  15 jackals
  6 quokkas
  A ball python (D:3)
  4 frilled lizards
  23 kobolds
  3 leopard gecko skeletons
  9 rats
496 creatures vanquished.

Vanquished Creatures (collateral kills)
  An ice beast (D:14)
  An eye of draining (shapeshifter) (D:14)
2 creatures vanquished.

Vanquished Creatures (others)
  5 spectral weapons
5 creatures vanquished.

Grand Total: 503 creatures vanquished

Notes
Turn   | Place    | Note
-------+----------+-------------------------------------------
     0 | D:1      | Ablot the Gnoll Skald began the quest for the Orb.
     0 | D:1      | Reached XP level 1. HP: 20/20 MP: 6/6
    90 | D:1      | Reached XP level 2. HP: 26/26 MP: 7/7
    95 | D:1      | Learned a level 2 spell: Song of Slaying
    98 | D:1      | Learned a level 2 spell: Shroud of Golubria
   360 | D:1      | You fall through a shaft!
   360 | D:2      | Noticed a scorpion
   373 | D:2      | Killed a scorpion
   373 | D:2      | Reached skill level 1 in Short Blades
   373 | D:2      | Reached skill level 1 in Long Blades
   373 | D:2      | Reached skill level 1 in Axes
   373 | D:2      | Reached skill level 1 in Maces & Flails
   373 | D:2      | Reached skill level 1 in Staves
   373 | D:2      | Reached skill level 1 in Slings
   373 | D:2      | Reached skill level 1 in Bows
   373 | D:2      | Reached skill level 1 in Crossbows
   373 | D:2      | Reached skill level 1 in Throwing
   373 | D:2      | Reached skill level 1 in Stealth
   373 | D:2      | Reached skill level 1 in Shields
   373 | D:2      | Reached skill level 1 in Unarmed Combat
   373 | D:2      | Reached skill level 5 in Spellcasting
   373 | D:2      | Reached skill level 1 in Invocations
   373 | D:2      | Reached skill level 1 in Evocations
   373 | D:2      | Reached XP level 3. HP: 18/31 MP: 0/9
   373 | D:2      | Reached XP level 4. HP: 22/38 MP: 0/11
   378 | D:2      | Learned a level 3 spell: Regeneration
   382 | D:2      | Learned a level 3 spell: Spectral Weapon
   564 | D:2      | Found an opulent altar of Gozag.
   600 | D:2      | Reached skill level 1 in Conjurations
   600 | D:2      | Reached skill level 1 in Hexes
   600 | D:2      | Reached skill level 1 in Summonings
   600 | D:2      | Reached skill level 1 in Necromancy
   600 | D:2      | Reached skill level 1 in Translocations
   600 | D:2      | Reached skill level 1 in Transmutations
   600 | D:2      | Reached skill level 1 in Fire Magic
   600 | D:2      | Reached skill level 1 in Ice Magic
   600 | D:2      | Reached skill level 1 in Air Magic
   600 | D:2      | Reached skill level 1 in Earth Magic
   600 | D:2      | Reached skill level 1 in Poison Magic
   711 | D:1      | Reached XP level 5. HP: 38/43 MP: 12/12
  1344 | D:2      | Found a stormy altar of Qazlal.
  1346 | D:2      | Noticed a water elemental
  1347 | D:2      | Noticed a fire elemental
  1347 | D:2      | Noticed an air elemental
  1362 | D:2      | Noticed a hand axe
  1363 | D:2      | Found a hide-covered altar of Uskayaw.
  1363 | D:2      | Noticed a dagger
  1536 | D:3      | Reached XP level 6. HP: 19/50 MP: 3/13
  1877 | D:3      | Reached skill level 5 in Fighting
  1877 | D:3      | Reached skill level 5 in Polearms
  1877 | D:3      | Reached skill level 5 in Dodging
  1975 | D:3      | Noticed Sigmund
  1988 | D:3      | Killed Sigmund
  1988 | D:3      | Reached XP level 7. HP: 40/56 MP: 6/15
  2027 | D:3      | Found a shimmering altar of Xom.
  2383 | D:4      | Noticed Blork the orc
  2393 | D:4      | Killed Blork the orc
  2596 | D:4      | Reached XP level 8. HP: 63/63 MP: 11/16
  2609 | D:4      | Noticed Duvessa
  2622 | D:4      | Killed Duvessa
  2622 | D:4      | Noticed Dowan
  2631 | D:4      | Killed Dowan
  2718 | D:4      | Noticed Robin
  2723 | D:4      | Killed Robin
  2960 | D:5      | Entered Level 5 of the Dungeon
  2964 | D:5      | Got a steaming hunting sling
  2965 | D:5      | Identified the +8 hunting sling of Zin's Indignation
                  | {freeze, Dex+3} (You found it on level 5 of the Dungeon)
  3033 | D:5      | Found a staircase to the Ecumenical Temple.
  3043 | Temple   | Entered the Ecumenical Temple
  3191 | Temple   | Became a worshipper of Warmaster Okawaru
  3385 | D:5      | Found a runed door.
  3516 | D:5      | Found a radiant altar of Vehumet.
  3528 | D:5      | Found a shadowy altar of Dithmenos.
  3531 | D:5      | Found a shattered altar of Ashenzari.
  3729 | D:5      | Noticed Crazy Yiuf
  3731 | D:5      | Killed Crazy Yiuf
  3846 | D:6      | Found a transporter.
  3852 | D:6      | Found a transporter.
  4014 | D:6      | Reached * piety under Okawaru
  4014 | D:6      | Reached XP level 9. HP: 69/69 MP: 18/18
  4029 | D:6      | Noticed derval's ghost (novice MfIE)
  4082 | D:6      | Noticed Edmund
  4121 | D:6      | Killed Edmund
  4657 | D:6      | You fall through a shaft for 3 floors!
  4675 | D:9      | Reached skill level 5 in Armour
  4851 | D:8      | Found a hazy altar of Hepliaklqana.
  4877 | D:7      | Noticed Prince Ribbit
  4973 | D:8      | Reached ** piety under Okawaru
  4973 | D:8      | Reached skill level 5 in Invocations
  5108 | D:7      | Found a glowing silver altar of Zin.
  5120 | D:7      | Found a sacrificial altar of Ru.
  5170 | D:7      | Reached XP level 10. HP: 76/76 MP: 13/20
  5391 | D:7      | Reached skill level 5 in Short Blades
  5391 | D:7      | Reached skill level 5 in Long Blades
  5391 | D:7      | Reached skill level 5 in Axes
  5391 | D:7      | Reached skill level 5 in Maces & Flails
  5391 | D:7      | Reached skill level 5 in Staves
  5391 | D:7      | Reached skill level 5 in Slings
  5391 | D:7      | Reached skill level 5 in Bows
  5391 | D:7      | Reached skill level 5 in Crossbows
  5391 | D:7      | Reached skill level 5 in Throwing
  5391 | D:7      | Reached skill level 5 in Stealth
  5391 | D:7      | Reached skill level 5 in Shields
  5391 | D:7      | Reached skill level 5 in Unarmed Combat
  5391 | D:7      | Reached skill level 5 in Evocations
  5394 | D:7      | Reached *** piety under Okawaru
  5405 | D:7      | Killed Prince Ribbit
  5486 | D:7      | Found a blossoming altar of Fedhas.
  5535 | D:7      | Found an ancient bone altar of Kikubaaqudgha.
  5925 | D:5      | Found a white marble altar of Elyvilon.
  6372 | D:8      | Found a sparkling altar of Nemelex Xobeh.
  6777 | D:8      | Reached **** piety under Okawaru
  7112 | D:9      | Received a gift from Okawaru
  7218 | D:9      | Noticed an elephant
  7243 | D:9      | Reached XP level 11. HP: 37/83 MP: 17/22
  7292 | D:9      | Found a staircase to the Lair.
  7375 | D:9      | Reached ***** piety under Okawaru
  7495 | D:10     | Entered Level 10 of the Dungeon
  7690 | D:10     | Found a runed gate.
  7690 | D:10     | Found a runed gate.
  7690 | D:10     | Found a runed gate.
  7696 | D:10     | Noticed feta's ghost (journeyman GnGl)
  7711 | D:10     | Reached skill level 5 in Conjurations
  7711 | D:10     | Reached skill level 5 in Hexes
  7711 | D:10     | Reached skill level 5 in Summonings
  7711 | D:10     | Reached skill level 5 in Necromancy
  7711 | D:10     | Reached skill level 5 in Translocations
  7711 | D:10     | Reached skill level 5 in Transmutations
  7711 | D:10     | Reached skill level 5 in Fire Magic
  7711 | D:10     | Reached skill level 5 in Ice Magic
  7711 | D:10     | Reached skill level 5 in Air Magic
  7711 | D:10     | Reached skill level 5 in Earth Magic
  7711 | D:10     | Reached skill level 5 in Poison Magic
  7777 | D:10     | Found a staircase to the Orcish Mines.
  7932 | D:10     | Killed an unseen horror
  7973 | D:10     | Noticed Maurice
  8226 | D:10     | Killed Maurice
  8567 | D:11     | Noticed a six-headed hydra
  8572 | D:11     | Killed a six-headed hydra
  8572 | D:11     | Received a gift from Okawaru
  8807 | D:11     | Noticed a brown ugly thing
  8836 | D:11     | Killed a brown ugly thing
  8877 | D:11     | Got a twisted halberd
  8928 | D:11     | Received a gift from Okawaru
  8968 | D:11     | Found a frozen archway.
  8986 | D:11     | Reached XP level 12. HP: 93/93 MP: 24/24
  9048 | D:11     | Identified the +7 halberd of the World {vamp, rPois Str-3
                  | Int+2 Dex+4} (You found it on level 11 of the Dungeon)
  9061 | IceCv    | Entered an ice cave
  9438 | IceCv    | Found an ancient bone altar of Kikubaaqudgha.
  9489 | IceCv    | Received a gift from Okawaru
  9574 | IceCv    | Reached ****** piety under Okawaru
 10601 | D:12     | Noticed a two-headed ogre
 10655 | D:12     | Killed a two-headed ogre
 10778 | D:12     | Noticed Azrael
 10840 | D:12     | Learned a level 4 spell: Throw Icicle
 11140 | D:12     | Noticed Rupert
 11141 | D:12     | Paralysed by Rupert for 4 turns
 11282 | D:12     | Found a shadowy altar of Dithmenos.
 11472 | D:13     | Noticed a centaur warrior
 11485 | D:13     | Killed a centaur warrior
 11708 | D:13     | Reached XP level 13. HP: 97/101 MP: 23/26
 12009 | D:13     | Received a gift from Okawaru
 12473 | D:13     | Noticed Sonja
 12482 | D:13     | Killed Sonja
 12870 | D:14     | Noticed Frances
 13211 | D:14     | Noticed an ettin
 13212 | D:14     | Noticed a fire dragon
 13228 | D:14     | Killed an ettin
 13234 | D:14     | Killed a fire dragon
 13498 | D:14     | Found a gate to the Vaults.
 13747 | D:15     | Entered Level 15 of the Dungeon
 13838 | D:14     | Received a gift from Okawaru
 14294 | D:15     | Reached skill level 10 in Spellcasting
 14350 | D:15     | Found a staircase to the Depths.
 14357 | D:15     | Noticed an ettin
 14359 | D:15     | Reached XP level 14. HP: 109/109 MP: 26/28
 14394 | D:15     | Received a gift from Okawaru
 14687 | D:15     | Reached skill level 10 in Fighting
 14687 | D:15     | Reached skill level 10 in Polearms
 14687 | D:15     | Reached skill level 10 in Dodging
 14812 | D:15     | Noticed Kirke
 15024 | D:15     | HP: 5/110 [harpy[Kirke] (15)]
 15024 | D:15     | Slain by a harpy

Vault maps used:
D:1:      dpeg_arrival_round_b, corexii_hall_statues_l, minmay_cut_off
D:2:      nicolae_gozag_seed_capital, nicolae_qazlal_style_of_elements,
          dancing_weapons_uskayaw, palyth_stone_intersect
D:3:      xom_teletrap_fun, first_ration, minmay_misc_feat_more_columns,
          uniq_sigmund
D:4:      uniq_duvessa, uniq_blork_the_orc, uniq_robin
D:5:      nicolae_overflow_crystal_walls, kennysheep_mini_moat,
          nicolae_overflow_hidden_temple, kennysheep_mini, temple_fountains,
          uniq_crazy_yiuf_cottage
D:6:      gammafunk_ghost_stat_death, minmay_item_behind_shaft,
          serial_bayou_crossing, uniq_edmund
D:7:      nicolae_ru_great_annihilating_truth, zin_treasury, marbit_many_paths,
          fedhas_altar_4, uniq_prince_ribbit1
D:8:      lemuel_crystal_altar, nemelex_xobeh_ov_fountains_minmay,
          grunt_ogre_cave
D:9:      david_lair_generic
D:10:     orc_0_dummy, ebering_ghost_rock_garden, uniq_maurice
D:11:     portal_ice_cave_entry_ice_beasts, minmay_misc_feat_cross,
          minmay_checkerbox
D:12:     grunt_dithmenos_smoke_and_mirrors, uniq_josephine, uniq_rupert,
          uniq_azrael
D:13:     uniq_sonja
D:14:     david_vaults_4, uniq_frances
D:15:     hangedman_depths_entry_civil_slaughter, minivault_14, uniq_kirke
Temple:   compressed_dpeg_triangle_lava_temple
IceCv:    ice_cave_small_necro

Skill      XL: |  1  2  3  4  5  6  7  8  9 10 11 12 13 14 |
---------------+-------------------------------------------+-----
Short Blades   | 1 2 3 4 5 6 7 8 |  8.9
Long Blades    | 1 2 3 4 5 6 7 8 |  8.9
Axes           | 1 2 3 4 5 6 7 8 |  8.9
Maces & Flails | 1 2 3 4 5 6 7 8 |  8.9
Staves         | 1 2 3 4 5 6 7 8 |  8.9
Slings         | 1 2 3 4 5 6 7 8 |  8.9
Bows           | 1 2 3 4 5 6 7 8 |  8.9
Crossbows      | 1 2 3 4 5 6 7 8 |  8.9
Throwing       | 1 2 3 4 5 6 7 8 |  8.9
Stealth        | 1 2 3 4 5 6 7 8 |  8.9
Shields        | 1 2 3 4 5 6 7 8 |  8.9
Unarmed Combat | 1 2 3 4 5 6 7 8 |  8.9
Spellcasting   | 5 6 7 8 9 10 | 10.2
Invocations    | 1 2 3 4 5 6 7 8 9 |  9.7
Evocations     | 1 2 3 4 5 6 7 8 |  8.9
Conjurations   | 1 2 3 4 5 6 7 |  7.4
Hexes          | 1 2 3 4 5 6 7 |  7.4
Summonings     | 1 2 3 4 5 6 7 |  7.4
Necromancy     | 1 2 3 4 5 6 7 |  7.4
Translocations | 1 2 3 4 5 6 7 |  7.4
Transmutations | 1 2 3 4 5 6 7 |  7.4
Fire Magic     | 1 2 3 4 5 6 7 |  7.4
Ice Magic      | 1 2 3 4 5 6 7 |  7.4
Air Magic      | 1 2 3 4 5 6 7 |  7.4
Earth Magic    | 1 2 3 4 5 6 7 |  7.4
Poison Magic   | 1 2 3 4 5 6 7 |  7.4
Armour         | 3 4 5 6 7 8 9 |  9.3
Fighting       | 5 6 7 8 9 10 | 10.0
Polearms       | 5 6 7 8 9 10 | 10.0
Dodging        | 5 6 7 8 9 10 | 10.0
Charms         | 6 7 8 9 |  9.3

Action                   |  1- 3 |  4- 6 |  7- 9 | 10-12 | 13-15 || total
-------------------------+-------+-------+-------+-------+-------++-------
Melee: Spear             |    46 |   168 |       |       |       ||   214
       Bite              |     6 |    20 |    13 |    14 |    26 ||    79
       Punch             |       |     1 |       |       |       ||     1
       Trident           |       |    44 |    42 |    78 |   153 ||   317
       Flail             |       |       |    48 |       |       ||    48
       Staff             |       |       |       |    33 |       ||    33
       Hunting sling     |       |       |       |     1 |     6 ||     7
       Long sword        |       |       |       |       |    28 ||    28
       Quick blade       |       |       |       |       |    19 ||    19
       Unarmed           |       |       |       |       |     5 ||     5
 Fire: Hunting sling     |       |       |   205 |   850 |   305 ||  1360
Throw: Javelin           |       |       |       |       |     2 ||     2
 Cast: Shroud of Golubri |     2 |     8 |    15 |    27 |    11 ||    63
       Song of Slaying   |     1 |     3 |     9 |    10 |     4 ||    27
       Infusion          |     1 |     2 |     4 |     1 |     2 ||    10
       Regeneration      |       |     3 |     5 |    24 |     6 ||    38
       Spectral Weapon   |       |     6 |     6 |     3 |     9 ||    24
       Throw Icicle      |       |       |       |     2 |     5 ||     7
Invok: Heroism           |       |       |     2 |     5 |     4 ||    11
Evoke: Lamp of fire      |       |       |       |       |     2 ||     2
       Wand              |       |       |       |       |     1 ||     1
  Use: Scroll            |       |       |     6 |     5 |     9 ||    20
       Potion            |       |       |       |     6 |     1 ||     7
 Stab: Sleeping          |     1 |     2 |     4 |       |       ||     7
       Distracted        |       |       |       |       |     1 ||     1
  Eat: Chunk             |       |     5 |    11 |    15 |    11 ||    42
       Ration            |       |       |       |     2 |       ||     2
Armor: Leather armour    |     5 |    21 |     2 |       |       ||    28
       Ring mail         |       |       |    19 |   227 |    79 ||   325
       Robe              |       |       |     1 |       |       ||     1
       Fire dragon scale |       |       |       |       |    48 ||    48
Dodge: Dodged            |    26 |   110 |   101 |   383 |   233 ||   853
Block: Buckler           |       |       |       |   161 |   104 ||   265
       Rpst.: Long sword |       |       |       |       |     3 ||     3

Table legend:
 A = Non-vault XP
 B = Vault XP
 C = Vault XP percentage of total XP
 D = Non-vault monster count
 E = Vault monster count
 F = Vault count percentage of total count
                 A         B        C        D         E       F
            +---------+---------+-------+---------+---------+-------
      Total |   41094 |   21690 |  34.5 |     382 |     116 |  23.3
            +---------+---------+-------+---------+---------+-------
        D:1 |      43 |       3 |   6.5 |      22 |       2 |   8.3
        D:2 |     157 |       0 |   0.0 |      26 |       0 |   0.0
        D:3 |     382 |     227 |  37.3 |      39 |       1 |   2.5
        D:4 |     372 |     363 |  49.4 |      10 |      15 |  60.0
        D:5 |     461 |      42 |   8.3 |       8 |       1 |  11.1
        D:6 |    1070 |     173 |  13.9 |      32 |       1 |   3.0
        D:7 |    1237 |     600 |  32.7 |      23 |       6 |  20.7
        D:8 |    2002 |     118 |   5.6 |      35 |       1 |   2.8
        D:9 |    2270 |    1103 |  32.7 |      28 |       4 |  12.5
       D:10 |    2246 |     469 |  17.3 |      32 |       1 |   3.0
       D:11 |    4054 |    2418 |  37.4 |      26 |      12 |  31.6
       D:12 |    3083 |     200 |   6.1 |      12 |       1 |   7.7
       D:13 |    7236 |    1101 |  13.2 |      46 |       3 |   6.1
       D:14 |    8736 |    2258 |  20.5 |      24 |       3 |  11.1
       D:15 |    7745 |    6399 |  45.2 |      19 |      11 |  36.7
      IceCv |       0 |    6216 | 100.0 |       0 |      54 | 100.0
            +---------+---------+-------+---------+---------+-------
